 Dungeon Crawl Stone Soup version 0.23-a0-629-gae4348f (webtiles) character file.

65518 Darkshadow the Bludgeoner (level 14, -1/199 HPs)
             Began as a Minotaur Berserker on Dec 26, 2018.
             Was a High Priest of Trog.
             Slain by a ghost moth (6 damage)
             ... on level 2 of the Spider Nest.
             The game lasted 01:06:06 (24520 turns).

Darkshadow the Bludgeoner (Minotaur Berserker)     Turns: 24520, Time: 01:06:07

Health: -1/199     AC: 27    Str: 23 (24) XL:     14   Next: 75%
Magic:  0/4        EV:  2    Int:  9      God:    Trog [*****.]
Gold:   1009       SH:  0    Dex: 13      Spells: 13/13 levels left

rFire    . . .     SeeInvis .   a - +1 great mace (antimagic)
rCold    . . .     Gourm    .   (shield currently unavailable)
rNeg     + + +     Faith    .   (armour currently unavailable)
rPois    +         Spirit   .   (helmet currently unavailable)
rElec    .         Reflect  +   (cloak currently unavailable)
rCorr    +         Harm     .   (gloves currently unavailable)
MR       +....     NoTele   +   (boots currently unavailable)
Stlth    +.........             j - +4 amulet of reflection
HPRegen  0.43/turn              S - ring of poison resistance
MPRegen  0.09/turn              D - ring of resist corrosion

@: confused, brilliant, tree-form
A: (retaliatory headbutt)
a: Berserk, Trog's Hand, Brothers in Arms, Renounce Religion


You were on level 2 of the Spider Nest.
You worshipped Trog.
Trog was extremely pleased with you.
You were not hungry.
You were a tree.
You visited 3 branches of the dungeon, and saw 20 of its levels.

You collected 1009 gold pieces.

Inventory:

Hand Weapons
 a - a +1 antimagic great mace (weapon)
 b - a +3 fustibalus of flaming
 Z - a +0 mace
Missiles
 y - 3 silver tomahawks
 C - 332 stones (quivered)
Armour
 q - a +0 pair of gloves (melded)
 x - a scarf of cloud immunity (melded)
 A - a +0 cloak
 R - a +3 plate armour of fire resistance (melded)
 T - a +0 pair of boots (melded)
Jewellery
 j - a +4 amulet of reflection (around neck)
 p - an uncursed ring of protection from cold
 D - a ring of resist corrosion (right branch)
 I - an uncursed ring of poison resistance
 N - an uncursed ring of attention
 S - a ring of poison resistance (left branch)
 W - an uncursed ring of stealth
Wands
 G - a wand of paralysis (7)
 L - a wand of acid (5)
 O - a wand of iceblast (14)
Scrolls
 e - 10 scrolls of remove curse {@r2}
 f - a scroll of silence {unknown}
 g - 10 scrolls of teleportation
 h - 2 scrolls of magic mapping
 s - 3 scrolls of blinking
 t - 2 scrolls of fog {unknown}
 w - 2 scrolls of fear {unknown}
 B - a scroll of acquirement {unknown}
 F - a scroll of enchant weapon {unknown}
 J - a scroll of brand weapon {unknown}
 K - 2 scrolls of random uselessness {unknown}
 M - 3 scrolls of enchant armour
 V - 7 scrolls of identify {@r1}
 X - 2 scrolls of vulnerability {unknown}
Potions
 i - a potion of agility {unknown}
 k - 2 potions of resistance
 l - 4 potions of cancellation
 m - 9 potions of flight
 n - 7 potions of curing {unknown}
 o - 4 potions of heal wounds
 r - a potion of lignification
 u - 2 potions of brilliance
 v - 2 potions of degeneration {unknown}
 z - 4 potions of might
 E - a potion of berserk rage {unknown}
 H - a potion of invisibility {unknown}
 P - a potion of magic {unknown}
 Q - 2 potions of ambrosia {unknown}
Miscellaneous
 d - a phial of floods
Comestibles
 c - 32 rations
 U - 2 chunks of flesh


   Skills:
 + Level 14.9 Fighting
 * Level 19.7 Maces & Flails
 + Level 3.6 Slings
 + Level 14.7 Armour
 - Level 2.4 Dodging
   Level 8.8 Shields


You had 13 spell levels left.
You didn't know any spells.
Your spell library was empty.

Dungeon Overview and Level Annotations

Branches:
Dungeon (12/15)            Temple (0/1) D:5            Lair (6/6) D:8
  Swamp (0/4) Lair:3       Spider (2/4) Lair:4        Slime (0/5) Lair:6
    Orc (0/2) D:9

Altars:
Dithmenos
Fedhas
Hepliaklqana
Kikubaaqudgha
Makhleb
Nemelex Xobeh
Okawaru
Ru
Sif Muna
Trog
Vehumet
Xom

Annotations:
D:5 exclusion: oklob sapling
Lair:1 2 transporters, enarc13's ghost, journeyman GrWz
Lair:3 3 runed doors, Guhom's ghost, journeyman OpAs
Lair:4 1 runed door, LeafLetters's ghost, journeyman GnEn


Innate Abilities, Weirdness & Mutations

((You reflexively headbutt those who attack you in melee.))
((You have a pair of horns on your head.))


Message History

You block the tarantella's attack.
You feel you are being watched by something.
Something hits you but does no damage. x2; Something stings you.
* * * LOW HITPOINT WARNING * * *
The wolf spider hits you!
* * * LOW HITPOINT WARNING * * *
The wolf spider completely misses you. The tarantella bites you.
* * * LOW HITPOINT WARNING * * *
You are confused.
You're too confused!
You cannot move. (Use ctrl+direction or * direction to attack without moving.) Unknown command.
You bludgeon the tarantella!!
The tarantella is severely wounded.
The tarantella bites you but does no damage. x3
The wolf spider barely misses you. The wolf spider bites you!
* * * LOW HITPOINT WARNING * * *
You feel you are being watched by something.
Something hits you.
You die...

#..##...######....#........^.
....
##.....#....^..%[..?..... ...
##...!.................. ..
#.....#..#.....
###............
#.............
...#......#..##..
..#.....sss.s....
....#..#%♣ss...#
#........s#......
.............%...
.#..#...#........
.......#....#..#. ...#...
#.... .^ #^... .....# . ...$
#.....


You could see a wolf spider, an orb spider, a jumping spider and 4 tarantellas.

Vanquished Creatures
  Gastronok (D:8)
  An entropy weaver (Spider:1)
  Fannar (Lair:1)
  4 hydras
  A catoblepas (Lair:4)
  A two-headed ogre (D:11)
  4 death yaks
  An unseen horror (D:11)
  3 orb spiders (Spider:1)
  4 wolf spiders (Spider:1)
  A cyclops (D:11)
  18 elephants
  2 torpor snails
  6 black mambas
  20 spiny frogs
  A gargoyle (D:11)
  4 rime drakes
  5 komodo dragons
  4 demonic crawlers (Spider:1)
  5 jumping spiders (Spider:1)
  4 tyrant leeches (Lair:6)
  2 trolls
  A polar bear (Lair:3)
  3 bog bodies (Lair:3)
  A hornet (Spider:1)
  Prince Ribbit (D:5)
  8 hippogriffs
  15 blink frogs
  22 dream sheep
  9 tarantellas
  29 redbacks
  25 yaks
  3 wyverns
  2 hungry ghosts (D:9)
  6 vampire mosquitoes
  Menkaure (D:6)
  A steam dragon (Lair:3)
  2 swamp worms (Lair:3)
  7 porcupines
  Duvessa (D:6)
  2 orc warriors (D:11)
  18 water moccasins
  An ice beast (D:6)
  An eye of draining (D:10)
  A sky beast (D:7)
  3 black bears
  A phantom (D:8)
  14 wolves
  4 ogres
  4 centaurs
  14 crocodiles
  A gnoll sergeant (D:5)
  20 bullfrogs
  Dowan (D:6)
  A wyvern zombie (D:7)
  3 scorpions
  12 wights
  3 electric eels
  5 howler monkeys
  11 crimson imps
  A bullfrog zombie (D:10)
  5 jellies
  4 hounds
  2 orc priests
  9 orc wizards
  3 quasits
  2 centaur skeletons
  7 iguanas
  9 worker ants
  2 hound zombies
  A hound skeleton (D:8)
  A worker ant zombie (D:7)
  9 gnolls
  2 howler monkey skeletons
  9 adders
  2 shadow imps
  6 oozes
  4 worms
  3 dart slugs
  2 leopard geckos (D:5)
  30 orcs
  4 ball pythons
  7 giant cockroaches
  8 goblins
  7 hobgoblins
  4 jackals (D:4)
  6 quokkas
  5 bats
  6 frilled lizards
  5 kobolds
  A leopard gecko zombie (D:6)
  A quokka skeleton (D:9)
  5 rats
  A fungus (Lair:3)
  A plant (Lair:4)
524 creatures vanquished.

Vanquished Creatures (collateral kills)
  A catoblepas (Lair:2)
  A death yak (Lair:2)
  An orb spider (Spider:1)
  A wolf spider (Spider:1)
  An elephant (Lair:2)
  A demonic crawler (Spider:1)
  2 redbacks (Spider:1)
8 creatures vanquished.

Vanquished Creatures (others)
  17 fungi
  49 plants
66 creatures vanquished.

Grand Total: 598 creatures vanquished

Notes
Turn   | Place    | Note
-------+----------+-------------------------------------------
     0 | D:1      | Darkshadow the Minotaur Berserker began the quest for the
                  | Orb.
     0 | D:1      | Reached XP level 1. HP: 19/19 MP: 0/0
    88 | D:1      | Reached XP level 2. HP: 22/27 MP: 1/1
   191 | D:1      | Reached skill level 4 in Maces & Flails
   493 | D:2      | Reached XP level 3. HP: 29/33 MP: 2/2
   846 | D:2      | Found a bloodstained altar of Trog.
   889 | D:2      | Reached skill level 1 in Shields
   921 | D:2      | Found a sacrificial altar of Ru.
   922 | D:2      | Found a hazy altar of Hepliaklqana.
   928 | D:2      | Found a blossoming altar of Fedhas.
   928 | D:2      | Found a shadowy altar of Dithmenos.
   929 | D:2      | Found an iron altar of Okawaru.
  1017 | D:2      | Found a burning altar of Makhleb.
  1303 | D:2      | Noticed a green death
  1307 | D:2      | Noticed a hellwing
  1307 | D:2      | Noticed a hellwing
  1568 | D:3      | Reached ** piety under Trog
  1575 | D:3      | Reached XP level 4. HP: 31/40 MP: 3/3
  1881 | D:3      | Reached skill level 5 in Maces & Flails
  1887 | D:3      | Reached XP level 5. HP: 41/47 MP: 4/4
  2604 | D:4      | Reached XP level 6. HP: 49/55 MP: 5/5
  2936 | D:5      | Entered Level 5 of the Dungeon
  2973 | D:5      | Noticed Prince Ribbit
  2978 | D:4      | Reached skill level 5 in Fighting
  3196 | D:5      | Reached skill level 6 in Maces & Flails
  3285 | D:5      | Reached *** piety under Trog
  3403 | D:5      | Reached XP level 7. HP: 61/61 MP: 6/6
  3551 | D:5      | Killed Prince Ribbit
  3551 | D:5      | Reached skill level 7 in Maces & Flails
  3551 | D:5      | Reached skill level 5 in Armour
  3709 | D:5      | Found a staircase to the Ecumenical Temple.
  3769 | D:5      | Reached XP level 8. HP: 70/70 MP: 7/7
  3772 | D:5      | Reached skill level 8 in Maces & Flails
  4038 | D:5      | Reached skill level 5 in Shields
  4333 | D:6      | Noticed Menkaure
  4337 | D:6      | Killed Menkaure
  4699 | D:6      | Noticed Dowan
  4709 | D:6      | Noticed Duvessa
  4723 | D:6      | Killed Duvessa
  4723 | D:6      | Reached skill level 9 in Maces & Flails
  4725 | D:6      | Killed Dowan
  4893 | D:6      | Reached **** piety under Trog
  5327 | D:6      | Reached XP level 9. HP: 61/79 MP: 8/8
  6036 | D:7      | Reached skill level 10 in Maces & Flails
  6037 | D:7      | Found a bloodstained altar of Trog.
  6481 | D:7      | Found a radiant altar of Vehumet.
  6492 | D:7      | Found an ancient bone altar of Kikubaaqudgha.
  6507 | D:7      | Found a deep blue altar of Sif Muna.
  6926 | D:8      | Noticed Gastronok
  6948 | D:8      | Killed Gastronok
  6948 | D:8      | Reached skill level 11 in Maces & Flails
  6948 | D:8      | Reached XP level 10. HP: 69/90 MP: 9/9
  6953 | D:8      | Reached ***** piety under Trog
  7251 | D:8      | Found a staircase to the Lair.
  7356 | D:8      | Reached skill level 12 in Maces & Flails
  7586 | D:8      | HP: 1/91 [komodo dragon (11)]
  8115 | D:9      | Found a sparkling altar of Nemelex Xobeh.
  8139 | D:9      | Found a staircase to the Orcish Mines.
  8740 | D:9      | Received a gift from Trog
  8950 | D:10     | Entered Level 10 of the Dungeon
  9442 | D:10     | Reached skill level 13 in Maces & Flails
  9442 | D:10     | Reached XP level 11. HP: 87/99 MP: 3/10
  9504 | D:10     | Found a shimmering altar of Xom.
 10060 | D:11     | Reached skill level 10 in Fighting
 10414 | D:11     | Reached skill level 10 in Armour
 10770 | D:11     | Killed an unseen horror
 11146 | D:11     | Noticed a two-headed ogre
 11153 | D:11     | Killed a two-headed ogre
 11153 | D:11     | Reached skill level 14 in Maces & Flails
 11474 | Lair:1   | Entered Level 1 of the Lair of Beasts
 11545 | Lair:1   | Noticed enarc13's ghost (journeyman GrWz)
 11553 | Lair:1   | Found a transporter.
 11557 | Lair:1   | Found a transporter.
 11647 | Lair:1   | Noticed Fannar
 11680 | Lair:1   | Killed Fannar
 12680 | Lair:2   | Noticed a five-headed hydra
 12724 | Lair:1   | Reached skill level 15 in Maces & Flails
 12724 | Lair:1   | Reached XP level 12. HP: 110/110 MP: 3/11
 12738 | Lair:2   | Killed a five-headed hydra
 14038 | Lair:3   | Noticed a death yak
 14047 | Lair:3   | Noticed a seven-headed hydra
 14054 | Lair:3   | Killed a death yak
 14058 | Lair:3   | Killed a seven-headed hydra
 14094 | Lair:3   | Reached skill level 16 in Maces & Flails
 14293 | Lair:3   | Noticed a minotaur
 14293 | Lair:3   | Noticed Guhom's ghost (journeyman OpAs)
 14428 | Lair:3   | Found the +8 whip "Snakebite" {curare, rPois}
 14520 | Lair:3   | Noticed a death yak
 14521 | Lair:3   | Noticed a six-headed hydra
 14528 | Lair:3   | Killed a death yak
 14533 | Lair:3   | Killed a six-headed hydra
 14632 | Lair:3   | Noticed a catoblepas
 14632 | Lair:3   | Noticed a death yak
 15107 | Lair:2   | Killed a catoblepas
 15110 | Lair:2   | Killed a death yak
 15777 | Lair:3   | Reached XP level 13. HP: 73/119 MP: 4/12
 15781 | Lair:3   | Found a staircase to the Swamp.
 16198 | Lair:3   | Found a runed gate.
 16198 | Lair:3   | Found a runed gate.
 16198 | Lair:3   | Found a runed gate.
 16316 | Lair:3   | Reached skill level 17 in Maces & Flails
 16668 | Lair:4   | Found a runed door.
 16671 | Lair:4   | Found a shimmering altar of Xom.
 16671 | Lair:4   | Noticed LeafLetters's ghost (journeyman GnEn)
 16682 | Lair:4   | Found a hole to the Spider Nest.
 18515 | Lair:5   | Reached skill level 18 in Maces & Flails
 18906 | Lair:6   | Entered Level 6 of the Lair of Beasts
 18999 | Lair:6   | Found a staircase to the Slime Pits.
 19666 | Lair:6   | Received a gift from Trog
 19947 | Lair:5   | Reached XP level 14. HP: 132/132 MP: 4/13
 20695 | Lair:6   | Received a gift from Trog
 21076 | Lair:6   | Reached skill level 19 in Maces & Flails
 22232 | Spider:1 | Entered Level 1 of the Spider Nest
 22282 | Spider:1 | Reached skill level 1 in Slings
 23255 | Spider:1 | Received a gift from Trog
 23265 | Spider:1 | Noticed an entropy weaver
 23292 | Spider:1 | Killed an entropy weaver
 24164 | Spider:1 | Paralysed by a hornet for 1 turns
 24516 | Spider:2 | HP: 6/199 [something (4)]
 24520 | Spider:2 | Slain by a ghost moth

Vault maps used:
D:1:      eino_arrival_druids_welcome, st_stairs_1
D:2:      grunt_temple_overflow_open, first_ration, makhleb_altar_promises_db
D:3:      kennysheep_big_flooded_room, serial_glass, glass_columns_c,
          glass_columns_a, due_unseen_surprise, minmay_strange_pillars,
          minmay_strange_pillars, item_on_display_a
D:5:      minmay_skewed_foursquare, minmay_temple_entry_oklob,
          minmay_manual_mail, uniq_prince_ribbit1
D:6:      uniq_menkaure, uniq_duvessa
D:7:      palyth_temple_overflow_mages, trog_ov_bears_minmay
D:8:      david_lair_shrubbed, grunt_ogre_cave, uniq_gastronok
D:9:      orc_0_dummy, basic_altar
D:10:     basic_altar
D:12:     spider_trap, nicolae_ru_path_of_blood, uniq_sonja
Lair:1:   gammafunk_ghost_hive, uniq_fannar
Lair:2:   lemuel_fruit_tree, infiniplex_staircase_pool
Lair:3:   minmay_guarded_unrand_snakebite, nicolae_swamp_entry_splash_gauntlet,
          maelrawn_ghost_gauntlet_escape, minmay_shattered_shrine
Lair:4:   spider_nest_entry_a, ebering_ghost_xom
Lair:6:   minmay_lair_end_frog_pond, nicolae_slime_entry_slimehenge

Skill      XL: |  1  2  3  4  5  6  7  8  9 10 11 12 13 14 |
---------------+-------------------------------------------+-----
Maces & Flails | 4 5 6 7 9 11 13 15 16 18 19 | 19.7
Fighting       | 4 5 6 7 8 9 11 12 14 | 14.9
Armour         | 3 4 5 6 8 9 11 12 13 14 | 14.7
Shields        | 1 2 3 4 5 7 8 |  8.8
Slings         | 3 |  3.6
Dodging        | |  2.4

Action                   |  1- 3 |  4- 6 |  7- 9 | 10-12 | 13-15 || total
-------------------------+-------+-------+-------+-------+-------++-------
Melee: Mace              |    95 |   125 |   310 |   138 |       ||   668
       Headbutt          |    12 |    25 |    71 |   143 |   173 ||   424
       Great mace        |       |       |       |   455 |   652 ||  1107
       Fustibalus        |       |       |       |       |     4 ||     4
 Fire: Fustibalus        |       |       |       |       |    18 ||    18
Throw: Stone             |       |     5 |    17 |    19 |     7 ||    48
Invok: Berserk           |     1 |     3 |     8 |    15 |    11 ||    38
       Trog's Hand       |       |       |     2 |     2 |     2 ||     6
       Brothers in Arms  |       |       |       |     3 |     1 ||     4
 Abil: Evoke Flight      |       |       |     1 |       |       ||     1
  Use: Scroll            |       |       |    13 |     4 |     2 ||    19
       Potion            |       |       |       |     1 |    10 ||    11
 Stab: Sleeping          |     3 |       |       |       |       ||     3
  Eat: Chunk             |     2 |     9 |    13 |    31 |    23 ||    78
       Ration            |       |       |     2 |     5 |     5 ||    12
Armor: Animal skin       |    18 |       |       |       |       ||    18
       Chain mail        |    11 |    69 |   191 |    39 |       ||   310
       Plate armour      |       |       |       |   432 |   542 ||   974
       Skin              |       |       |       |       |    31 ||    31
Dodge: Dodged            |    55 |    56 |   107 |   207 |   333 ||   758
Block: Buckler           |     9 |    28 |   104 |    42 |       ||   183
       Other             |       |       |       |   104 |   107 ||   211
       Reflection        |       |       |       |     2 |       ||     2

Table legend:
 A = Non-vault XP
 B = Vault XP
 C = Vault XP percentage of total XP
 D = Non-vault monster count
 E = Vault monster count
 F = Vault count percentage of total count
                 A         B        C        D         E       F
            +---------+---------+-------+---------+---------+-------
      Total |   69457 |   24141 |  25.8 |     423 |     107 |  20.2
            +---------+---------+-------+---------+---------+-------
        D:1 |      27 |       3 |  10.0 |      17 |       2 |  10.5
        D:2 |      41 |       0 |   0.0 |      11 |       0 |   0.0
        D:3 |     140 |       3 |   2.1 |      31 |       2 |   6.1
        D:4 |     227 |       0 |   0.0 |      14 |       0 |   0.0
        D:5 |     902 |     502 |  35.8 |      27 |       8 |  22.9
        D:6 |     744 |     397 |  34.8 |      19 |       3 |  13.6
        D:7 |     982 |     373 |  27.5 |      18 |       5 |  21.7
        D:8 |     897 |    2736 |  75.3 |      19 |       3 |  13.6
        D:9 |    2128 |       0 |   0.0 |      19 |       0 |   0.0
       D:10 |    1116 |       0 |   0.0 |      18 |       0 |   0.0
       D:11 |    4851 |       0 |   0.0 |      25 |       0 |   0.0
     Lair:1 |    4837 |     986 |  16.9 |      18 |       1 |   5.3
     Lair:2 |    5069 |    1101 |  17.8 |      22 |       2 |   8.3
     Lair:3 |    7186 |    4844 |  40.3 |      24 |      21 |  46.7
     Lair:4 |    6963 |    1092 |  13.6 |      22 |       5 |  18.5
     Lair:5 |    9986 |    3793 |  27.5 |      35 |      15 |  30.0
     Lair:6 |    6467 |    8311 |  56.2 |      27 |      40 |  59.7
   Spider:1 |   16245 |       0 |   0.0 |      54 |       0 |   0.0
   Spider:2 |     649 |       0 |   0.0 |       3 |       0 |   0.0
            +---------+---------+-------+---------+---------+-------
